 Dungeon Crawl Stone Soup version 0.27.1-15-g792fb953b9 (webtiles) character file.

Game seed: 4809148463710864992

1 croobank the Sneak (level 1, -2/15 HPs)
             Began as a Felid Delver on Nov 19, 2021.
             Slain by an iguana (3 damage)
             ... on level 5 of the Dungeon.
             The game lasted 00:01:46 (118 turns).

croobank the Sneak (Felid Delver)                    Turns: 118, Time: 00:01:46

Health: -2/15      AC: 20    Str:  8    XL:     1   Next: 16%
Magic:  2/2        EV:  4    Int: 11    God:
Gold:   0          SH:  0    Dex: 17    Spells: 0/0 levels left
                                        Lives:  0   Deaths: 0

rFire    . . .     SeeInvis +     - Unarmed
rCold    . . .     Faith    .   (shield unavailable)
rNeg     + + +     Spirit   .   (armour unavailable)
rPois    +         Reflect  .   (helmet unavailable)
rElec    .         Harm     .   (cloak unavailable)
rCorr    .         Rampage  .   (gloves unavailable)
Will     .....     NoTele   +   (boots unavailable)
Stlth    ++++......             (no amulet)
HPRegen  0.05/turn              (no ring)
MPRegen  0.08/turn              (no ring)

@: tree-form
A: stationary, stasis, torment immunity, boosted hp, very small, (claws 1),
(fangs 3), see invisible, (speed 1), (shaggy fur 1), (stealthy paws), no weapons
or thrown items, no armour, multi-lived
a: no special abilities


You were on level 5 of the Dungeon.
You were a tree.
You visited 1 branch of the dungeon, and saw 1 of its levels.

Inventory:

Missiles
 g - 20 stones
Wands
 c - a wand of charming (6)
 e - a wand of digging (3)
Scrolls
 a - a scroll of fog
 b - a scroll of magic mapping
Potions
 d - a potion of haste


   Skills:
 + Level 3.0 Fighting
 + Level 2.7 Dodging
 + Level 6.6 Stealth
 + Level 2.0 Unarmed Combat


You couldn't memorise any spells.
You didn't know any spells.
Your spell library was empty.

Dungeon Overview and Level Annotations

Branches:
Dungeon (5/15)
 Temple: D:4-7

Altars:

Shops:
D:5 =


Innate Abilities, Weirdness & Mutations

You are a tree.
Your roots penetrate the ground, keeping you stationary.
You cannot be teleported.
You are immune to unholy pain and torment.
Your maximum health is greatly increased.
((You have sharp claws.))
((You have razor-sharp teeth.))
You have supernaturally acute eyesight. (SInv)
((You cover ground quickly. (Speed+)))
((You are covered in fur. (AC +1)))
((Your paws help you pounce on unaware monsters.))
You are incapable of wielding weapons or throwing items.
You cannot wear armour.
You gain extra lives every three experience levels.


Message History

A hound comes into view.
Found a stone staircase leading down.
A quokka comes into view.
You see here 20 stones.
g - 20 stones An ogre comes into view. It is wielding a +0 giant spiked club.
As you read the scroll of fear, it crumbles to dust.
You assume a fearsome visage.
The quokka looks frightened!
The ogre looks frightened!
The hound looks frightened!
The iguana looks frightened!
The iguana hisses angrily.
Found a brass wand and 19 stones.
Found a pink potion.
c - a wand of charming (6)
There are no items here.
The iguana hisses angrily.
The quokka seems to regain its courage.
The quokka barely misses you. The quokka bites you.
You scratch the quokka.
The quokka is moderately wounded.
The quokka barely misses you.
You closely miss the quokka.
The quokka is moderately wounded.
The quokka bites you.
Ouch! That really hurt!
* * * LOW HITPOINT WARNING * * *
It was a potion of lignification.
You turn into a tree.
Your roots penetrate the ground.
The quokka bites you but does no damage.
The quokka bites you.
* * * LOW HITPOINT WARNING * * *
You hit the quokka.
The quokka is heavily wounded.
The quokka bites you but does no damage.
You smack the quokka!
You kill the quokka!
You hit the iguana.
The iguana is moderately wounded.
The iguana bites you.
You die...

### ..## ####...#
##.....#
#.♣l...### #
###......# ##
#....### # #.
#....## .# #.
##....###.## # #.
#......#.... #.#l
##.......... ....
#................
#................


You could see an iguana.

Vanquished Creatures
  A quokka (D:5)
1 creature vanquished.

Notes
Turn   | Place    | Note
-------+----------+-------------------------------------------
     0 | D:5      | croobank the Felid Delver began the quest for the Orb.
     0 | D:5      | Reached XP level 1. HP: 10/10 MP: 2/2
    46 | D:5      | Found Wogie's Jewellery Boutique.
    72 | D:5      | Noticed an iguana
    73 | D:5      | Noticed an iguana
    81 | D:5      | Noticed a hound
    90 | D:5      | Noticed an ogre
   118 | D:5      | Slain by an iguana

Illustrated notes

Levels and vault maps discovered:
D:5:      layout_cave_pools, vehumet_crystals, nicolae_take_the_stairs,
          uniq_blork_the_orc

Action                   || total
-------------------------++-------
Melee: Unarmed           ||     5
  Use: Scroll            ||     1
       Potion            ||     1
Armor: Skin              ||     2
Dodge: Dodged            ||     2
